 Dungeon Crawl Stone Soup version 0.31-a0-825-gf28bc0971e (webtiles) character file.

Game seed: 16616485373946354542

7 qw the Shooter (level 2, 0/17 HPs)
             Began as a Gargoyle Hunter on Sept 23, 2023.
             Slain by a jackal (3 damage)
             ... on level 1 of the Dungeon.
             The game lasted 00:00:05 (68 turns).

qw the Shooter (Gargoyle Hunter)                      Turns: 68, Time: 00:00:05

Health: 0/17       AC:  5    Str: 14    XL:     2   Next: 4%
Magic:  2/2        EV: 11    Int:  9    God:
Gold:   0          SH:  0    Dex: 13    Spells: 1/1 levels left

rFire   . . .        a - +0 shortbow
rCold   . . .        (shield currently unavailable)
rNeg    + . .        c - +0 leather armour
rPois   inf          (no helmet)
rElec   +            (no cloak)
rCorr   .            (no gloves)
SInv    .            (no boots)
Will    .....        (no amulet)
Stlth   +            (no ring)
HPRegen 0.22/turn    (no ring)
MPRegen 0.08/turn

%: no passive effects
@: no status effects
A: sickness immunity, AC +2, negative energy resistance 1, electricity
resistance, torment resistance 1, petrification resistance
a: no special abilities


You were on level 1 of the Dungeon.
You visited 1 branch of the dungeon, and saw 1 of its levels.


Innate Abilities, Weirdness & Mutations

You are immune to sickness and miasma.
Your stone body is resilient. (AC +2)
You are immune to poison.
You resist negative energy. (rN+)
You are resistant to electric shocks. (rElec)
You are resistant to unholy torment.
You are immune to petrification.


   Skills:
 - Level 2.1 Fighting
 + Level 4.4 Ranged Weapons
 - Level 1.5 Dodging
 - Level 1.1 Stealth


You had one spell level left.
You didn't know any spells.
Your spell library was empty.

Inventory:

Hand Weapons
 a - a +0 shortbow (weapon)
Armour
 c - a +0 leather armour (worn)
Scrolls
 b - a scroll of butterflies

Dungeon Overview and Level Annotations

Branches:
Dungeon (1/15)

Altars:


Message History

The jackal bites you but does no damage. x2
You shoot an arrow. The arrow barely misses the bat.
The bat hits you but does no damage. The jackal barely misses you.
The bat hits you but does no damage. The jackal misses you.
You shoot an arrow. The arrow hits the bat.
The bat is heavily wounded.
The bat barely misses you. The bat misses you.
The jackal bites you but does no damage.
You shoot an arrow. The arrow closely misses the bat.
The bat closely misses you. The jackal bites you. The jackal barely misses you.
You shoot an arrow. The arrow hits the bat!
You kill the bat!
The jackal closely misses you. The kobold barely misses you.
The jackal completely misses you.
You have reached level 2!
You shoot an arrow. The arrow hits the kobold.
The kobold is severely wounded.
The kobold hits you but does no damage.
The jackal bites you but does no damage.
The kobold hits you but does no damage.
You shoot an arrow. The arrow barely misses the kobold.
The jackal bites you but does no damage.
The jackal misses you. The kobold barely misses you.
You shoot an arrow. The arrow barely misses the kobold.
The jackal barely misses you.
The kobold hits you with a +0 short sword.
The jackal bites you.
You shoot an arrow. The arrow closely misses the kobold.
The jackal bites you but does no damage.
The kobold hits you with a +0 short sword.
The jackal bites you but does no damage.
You shoot an arrow. The arrow hits the kobold.
You kill the kobold!
The jackal bites you but does no damage.
You shoot an arrow. The arrow hits the jackal.
The jackal is almost dead.
The jackal bites you. x2
You shoot an arrow. The arrow closely misses the jackal.
The jackal barely misses you. The jackal bites you.
You die...

..........####.(
.......###.........
.......#...........
##.....#..........
###...#.....%...
####...#.......# #
...............####.#
......#............>#
.##.............@##.##
......#...###..h)....#
#######...#
#........... .P7 #####
##.......... .P.7
#.........#


PPP.. #.........# .P.PP ..........# P...P ...........# ..K......... You could
see a jackal.

Vanquished Creatures
  A bat (D:1)
  A hobgoblin (D:1)
  3 jackals (D:1)
  A kobold (D:1)
6 creatures vanquished.

Notes
Turn   | Place    | Note
-------+----------+-------------------------------------------
     0 | D:1      | qw the Gargoyle Hunter began the quest for the Orb.
     0 | D:1      | Reached XP level 1. HP: 12/12 MP: 1/1
     0 | D:1      | 0 ||| qw: Version: 0.3-a-83-gcd0e7d8
     0 | D:1      | 0 ||| qw: Game counter: 1795
     0 | D:1      | 0 ||| qw: Melee chars always use a shield: true
     0 | D:1      | 0 ||| qw: God list: Okawaru
     0 | D:1      | 0 ||| qw: Allow faded altars: false
     0 | D:1      | 0 ||| qw: Do Orc after clearing Dungeon:15 true
     0 | D:1      | 0 ||| qw: Do second Lair branch before Depths: true
     0 | D:1      | 0 ||| qw: Lair rune preference: random
     0 | D:1      | 0 ||| qw: Goals: Normal
     0 | D:1      | 0 ||| PLANNING D:1-11
    49 | D:1      | 49 ||| Stepping ~*~*~tactically~*~*~ (retreating).
    50 | D:1      | 50 ||| Stepping ~*~*~tactically~*~*~ (retreating).
    53 | D:1      | 53 ||| Stepping ~*~*~tactically~*~*~ (retreating).
    54 | D:1      | 54 ||| Stepping ~*~*~tactically~*~*~ (retreating).
    62 | D:1      | Reached XP level 2. HP: 9/17 MP: 2/2
    65 | D:1      | HP: 4/17 [kobold/+0 short sword (2)]
    68 | D:1      | Slain by a jackal

Levels and vault maps discovered:
D:1:      minmay_arrival_arboretum_small, layout_basic

Action                     || total
---------------------------++-------
   Fire: Shortbow          ||    27
 Armour: Leather armour    ||    36
  Dodge: Dodged            ||    32

Table legend:
 A = Non-vault XP
 B = Vault XP
 C = Vault XP percentage of total XP
 D = Non-vault monster count
 E = Vault monster count
 F = Vault count percentage of total count
                 A         B        C        D         E       F
            +---------+---------+-------+---------+---------+-------
      Total |      11 |       0 |   0.0 |       6 |       0 |   0.0
            +---------+---------+-------+---------+---------+-------
        D:1 |      11 |       0 |   0.0 |       6 |       0 |   0.0
            +---------+---------+-------+---------+---------+-------
